 Dungeon Crawl Stone Soup version 0.22.1-1-ga44c0e5 (webtiles) character file.

445 Lauz the Cleaver (level 6, 0/56 HPs)
             Began as a Minotaur Berserker on Oct 30, 2018.
             Was a Believer of Trog.
             Slain by a jackal (3 damage)
             ... on level 4 of the Dungeon.
             The game lasted 00:05:16 (2979 turns).

Lauz the Cleaver (Minotaur Berserker)               Turns: 2979, Time: 00:05:17

Health: 0/56       AC:  2    Str: 23    XL:     6   Next: 72%
Magic:  5/5        EV: 12    Int:  4    God:    Trog [**....]
Gold:   171        SH:  0    Dex: 10    Spells: 5/5 levels left

rFire    . . .     SeeInvis .   a - +0 hand axe
rCold    . . .     Gourm    .   (no shield)
rNeg     . . .     Faith    .   b - +0 animal skin
rPois    .         Spirit   .   (helmet restricted)
rElec    .         Reflect  .   (no cloak)
rCorr    .         Harm     .   (no gloves)
MR       .....                  (no boots)
Stlth    +.........             (no amulet)
HPRegen  0.18/turn              f - ring of wizardry
MPRegen  0.09/turn              (no ring)

@: berserk cooldown, slowed, very slow
A: retaliatory headbutt, horns 2
a: Berserk, Trog's Hand, Renounce Religion


You were on level 4 of the Dungeon.
You worshipped Trog.
Trog was pleased with you.
You were very hungry.

You visited 1 branch of the dungeon, and saw 4 of its levels.

You collected 171 gold pieces.

Inventory:

Hand Weapons
 a - a +0 hand axe (weapon)
Missiles
 s - 5 needles of sleeping
Armour
 b - a +0 animal skin (worn)
Jewellery
 f - a ring of wizardry (left hand)
 j - an uncursed amulet of harm
 m - a +4 amulet of reflection {unknown}
Scrolls
 i - a scroll of magic mapping {unknown}
 l - a scroll of fear {unknown}
 n - 2 scrolls of identify {unknown}
 o - 3 scrolls of blinking {unknown}
 q - a scroll of enchant armour {unknown}
Potions
 d - 3 potions of curing {unknown}
 e - 3 potions of might {unknown}
 g - 2 potions of agility {unknown}
 h - a potion of heal wounds {unknown}
 k - a potion of degeneration {unknown}
 p - a potion of cancellation {unknown}
 r - a potion of ambrosia {unknown}
Comestibles
 c - 7 rations


   Skills:
 + Level 5.4 Fighting
 * Level 8.2 Axes
 - Level 2.4 Armour
 - Level 2.1 Dodging
 - Level 0.2 Stealth


You had 5 spell levels left.
You didn't know any spells.
Your spell library was empty.

Dungeon Overview and Level Annotations

Branches:
Dungeon (4/15)
 Temple: D:4-7

Altars:
Elyvilon
Nemelex Xobeh
Trog
Yredelemnul


Innate Abilities, Weirdness & Mutations

You reflexively headbutt those who attack you in melee.
You have a pair of horns on your head.


Message History

A jackal comes into view.
The jackal barks!
You hear a bark! x2
You feel your anger nearly subside.
A jackal comes into view.
You are no longer berserk.
You are exhausted.
You feel yourself slow down.
The jackal barks!
The jackal closely misses you.
The jackal bites you but does no damage.
The jackal bites you but does no damage. x2
The jackal closely misses you.
A jackal comes into view.
The jackal bites you.
* * * LOW HITPOINT WARNING * * *
The jackal barely misses you.
There is a stone staircase leading up here.
The jackal barely misses you. You furiously retaliate!
You headbutt the jackal. The jackal bites you.
You die...

.# #....# @ #..#.## #
#####.###.....#.###
.................
##.$####..#.##.#
#..####.......#
#.....)....#).###.
####...##.hh...(.....
#......##.h@#.##.####
.#.###..##.#.#.##.###
.....<..............<#
....###............###
#. #.<....#.#.##.#
##.###.#.#.##.# #.#
#........# #.#
#.#.#.##.# #.#
#.#.#.##.#


You could see 3 jackals.

Vanquished Creatures
  Sigmund (D:4)
  A phantom (D:4)
  Jessica (D:3)
  A worker ant (D:4)
  6 adders
  2 oozes
  4 dart slugs
  3 leopard geckos
  2 orcs
  A ball python (D:1)
  8 giant cockroaches
  8 goblins
  5 hobgoblins
  2 jackals
  A quokka (D:2)
  7 bats
  7 frilled lizards
  6 kobolds
  A leopard gecko skeleton (D:4)
  6 rats
73 creatures vanquished.

Notes
Turn   | Place    | Note
-------+----------+-------------------------------------------
     0 | D:1      | Lauz the Minotaur Berserker began the quest for the Orb.
     0 | D:1      | Reached XP level 1. HP: 19/19 MP: 0/0
    39 | D:1      | Reached skill level 4 in Axes
    45 | D:1      | Reached XP level 2. HP: 8/27 MP: 1/1
   696 | D:1      | Reached XP level 3. HP: 28/33 MP: 2/2
   895 | D:2      | Found a sparkling altar of Nemelex Xobeh.
  1004 | D:2      | Reached skill level 5 in Axes
  1125 | D:2      | Reached ** piety under Trog
  1193 | D:2      | Found a basalt altar of Yredelemnul.
  1269 | D:2      | Reached XP level 4. HP: 26/41 MP: 3/3
  1783 | D:2      | Found a bloodstained altar of Trog.
  2519 | D:3      | Noticed Jessica
  2523 | D:3      | Killed Jessica
  2523 | D:3      | Reached skill level 6 in Axes
  2523 | D:3      | Reached XP level 5. HP: 47/47 MP: 4/4
  2568 | D:3      | Found a white marble altar of Elyvilon.
  2741 | D:4      | Noticed a phantom
  2753 | D:4      | Killed a phantom
  2753 | D:4      | Reached skill level 5 in Fighting
  2753 | D:4      | Reached skill level 7 in Axes
  2753 | D:4      | Reached XP level 6. HP: 32/56 MP: 5/5
  2945 | D:4      | Noticed Sigmund
  2970 | D:4      | HP: 3/84 [something/puff of flame (13)]
  2971 | D:4      | Killed Sigmund
  2971 | D:4      | Reached skill level 8 in Axes
  2979 | D:4      | Slain by a jackal

Skill      XL: |  1  2  3  4  5  6 |
---------------+-------------------+-----
Axes           | 4 5 6 7 8 |  8.2
Fighting       | 4 5 |  5.4
Armour         | |  2.4
Dodging        | |  2.1
Stealth        | |  0.2

Action                   |  1- 3 |  4- 6 || total
-------------------------+-------+-------++-------
Melee: Hand axe          |   101 |    87 ||   188
       Headbutt          |    12 |    13 ||    25
Invok: Berserk           |       |     2 ||     2
  Use: Scroll            |     2 |       ||     2
 Stab: Sleeping          |     1 |       ||     1
  Eat: Chunk             |     1 |     6 ||     7
Armor: Animal skin       |    14 |    19 ||    33
Dodge: Dodged            |    57 |    35 ||    92
